 Dungeon Crawl Stone Soup version 0.18.1-48-g4cf74bf (webtiles) character file.

385 Galewin the Cleaver (level 6, -2/51 HPs)
             Began as a Minotaur Berserker on July 31, 2016.
             Was a Priest of Trog.
             Slain by WarriorsX's ghost (11 damage)
             ... in an ossuary.
             The game lasted 00:04:52 (2571 turns).

Galewin the Cleaver (Minotaur Berserker)            Turns: 2571, Time: 00:04:53

Health: -2/51      AC:  2    Str: 23    XL:     6   Next: 48%
Magic:  5/5        EV: 12    Int:  4    God:    Trog [***...]
Gold:   103        SH:  0    Dex: 10    Spells: 0 memorised, 5 levels left

rFire  . . .     SeeInvis .     a - +0 hand axe
rCold  . . .     Gourm    .     b - +0 animal skin
rNeg   . . .     Faith    .     (no shield)
rPois  .         Spirit   .     (helmet restricted)
rElec  .         Dismiss  .     (no cloak)
rCorr  .         Reflect  .     (no gloves)
SustAt .         Harm     .     (no boots)
MR     ++...                    (no amulet)
Stlth  +.........               (no ring)
                                (no ring)

@: exhausted, regenerating, slowed, very slow, very resistant to hostile
enchantments, very unstealthy
A: retaliatory headbutt, horns 2
a: Berserk, Trog's Hand, Burn Spellbooks, Renounce Religion


You were in an ossuary.
You worshipped Trog.
Trog was most pleased with you.
You were very hungry.

You visited 1 branch of the dungeon, and saw 4 of its levels.
You also visited: Ossuary.

You collected 103 gold pieces.

Inventory:

Hand Weapons
 a - a +0 hand axe (weapon)
Armour
 b - a +0 animal skin (worn)
Jewellery
 d - a +3 ring of dexterity {unknown}
 q - an uncursed ring of magical power {unknown}
Scrolls
 f - a scroll of recharging
 g - a scroll of remove curse {unknown}
 n - a scroll of enchant weapon {unknown}
 o - 2 scrolls of magic mapping {unknown}
 r - a scroll of identify
 t - a scroll of fear {unknown}
Potions
 h - 2 potions of curing {unknown}
 j - a potion of flight {unknown}
 k - a potion of lignification {unknown}
 m - 2 potions of resistance {unknown}
 p - 2 potions of cancellation {unknown}
 v - a potion of invisibility {unknown}
Comestibles
 c - 2 bread rations
 i - a meat ration
 l - 2 beef jerkies
 s - 6 fruits


   Skills:
 - Level 3.6 Fighting
 + Level 8.9 Axes
 - Level 2.4 Armour
 - Level 2.1 Dodging


You had 5 spell levels left.
You didn't know any spells.

Dungeon Overview and Level Annotations

Branches:
Dungeon (4/15)
 Temple: D:4-7

Altars:
Okawaru
Sif Muna
Trog

Annotations:
Ossuary WarriorsX's ghost, novice HuFi


Innate Abilities, Weirdness & Mutations

You reflexively headbutt those who attack you in melee.
You have a pair of horns on your head.


Message History

WarriorsX's ghost is moderately damaged.
WarriorsX's ghost hits you.
You closely miss WarriorsX's ghost.
WarriorsX's ghost is moderately damaged.
You are no longer berserk.
You are exhausted.
You feel yourself slow down.
You are feeling very hungry.
You barely miss WarriorsX's ghost. You headbutt WarriorsX's ghost.
WarriorsX's ghost is heavily damaged.
WarriorsX's ghost hits you!
* * * LOW HITPOINT WARNING * * *
You are too injured to fight recklessly!
Read which item? (? for menu, Esc to quit)
As you read the scroll labeled OROCOE UF HEL, it crumbles to dust.
It is a scroll of amnesia.
You feel forgetful for a moment. WarriorsX's ghost hits you.
* * * LOW HITPOINT WARNING * * *
WarriorsX's ghost hits you!
You die...

##....M..##
#.........#
....⌠....
.......
.Z...


MZ. #W# #@# ##.## #.∩.# #.∩.# ##### You could see 2 mummies, WarriorsX's ghost,
a goblin zombie and a gnoll zombie.

Vanquished Creatures
  2 orc priests (D:3)
  A human zombie (Ossuary)
  A giant frog skeleton (D:4)
  An iguana (D:4)
  Terence (D:2)
  3 worker ants (D:4)
  A mummy (Ossuary)
  4 adders
  An ooze (D:2)
  3 worms
  3 dart slugs (D:1)
  A giant gecko (D:3)
  8 orcs (D:3)
  5 giant cockroaches
  5 hobgoblins
  3 jackals (D:1)
  3 quokkas
  3 ball pythons
  7 bats
  2 giant newts
  8 goblins
  A hobgoblin zombie (Ossuary)
  8 kobolds
  5 rats
80 creatures vanquished.

Notes
Turn   | Place    | Note
--------------------------------------------------------------
     0 | D:1      | Galewin the Minotaur Berserker began the quest for the Orb.
     0 | D:1      | Reached XP level 1. HP: 19/19 MP: 0/0
    25 | D:1      | Found an iron altar of Okawaru.
   100 | D:1      | Reached skill level 4 in Axes
   162 | D:1      | Reached XP level 2. HP: 24/26 MP: 1/1
   349 | D:1      | Reached ** piety under Trog
   353 | D:1      | Reached skill level 5 in Axes
   439 | D:1      | Reached XP level 3. HP: 20/31 MP: 2/2
   842 | D:2      | Noticed Terence
   845 | D:2      | Killed Terence
   845 | D:2      | Reached skill level 6 in Axes
   845 | D:2      | Reached XP level 4. HP: 39/39 MP: 3/3
  1587 | D:3      | Reached skill level 7 in Axes
  1587 | D:3      | Reached XP level 5. HP: 37/45 MP: 4/4
  1614 | D:3      | Found a deep blue altar of Sif Muna.
  1616 | D:3      | Reached *** piety under Trog
  1717 | D:3      | Found a bloodstained altar of Trog.
  2240 | D:4      | Reached skill level 8 in Axes
  2304 | D:4      | Reached XP level 6. HP: 35/51 MP: 5/5
  2403 | D:4      | Found a sand-covered staircase.
  2438 | Ossuary  | Entered an ossuary
  2547 | Ossuary  | Noticed WarriorsX's ghost (novice HuFi)
  2571 | Ossuary  | Slain by WarriorsX's ghost

Skill      XL: |  1  2  3  4  5 |
---------------+----------------+-----
Axes           | 4 5 6 7 8 |  8.9
Fighting       | |  3.6
Armour         | |  2.4
Dodging        | |  2.1

Action                   |  1- 3 |  4- 6 || total
-------------------------+-------+-------++-------
Melee: Hand axe          |    59 |   108 ||   167
       Headbutt          |    14 |    22 ||    36
Invok: Berserk           |     2 |     3 ||     5
       Trog's Hand       |       |     1 ||     1
  Use: Scroll            |       |     3 ||     3
 Stab: Sleeping          |       |     1 ||     1
  Eat: Chunk             |     1 |     8 ||     9
Armor: Animal skin       |     7 |     7 ||    14
Dodge: Dodged            |    31 |    49 ||    80
